 Dungeon Crawl Stone Soup version 0.27.1-33-g824d729ab1 (webtiles) character file.

Game seed: 7778412575915570986

917 SensoryNuts the Skirmisher (level 7, -5/55 HPs)
             Began as a Demonspawn Fighter on Dec 6, 2021.
             Was an Initiate of Hepliaklqana.
             Slain by a water moccasin (7 damage)
             ... on level 5 of the Dungeon.
             The game lasted 00:14:08 (3587 turns).

SensoryNuts the Skirmisher (Demonspawn Fighter)     Turns: 3587, Time: 00:14:08

Health: -5/55      AC: 10    Str: 18    XL:     7   Next: 83%
Magic:  7/7        EV: 11    Int: 10    God:    Hepliaklqana [......]
Gold:   173        SH:  4    Dex: 12    Spells: 6/6 levels left

rFire    . . .     SeeInvis .   v - +1 scythe
rCold    . . .     Faith    .   (shield currently unavailable)
rNeg     + . .     Spirit   .   E - +3 ring mail {rN+}
rPois    .         Reflect  .   (helmet restricted)
rElec    .         Harm     .   (no cloak)
rCorr    .         Rampage  .   (no gloves)
Will     .....                  (no boots)
Stlth    +.........             k - amulet of regeneration
HPRegen  1.18/turn              (no ring)
MPRegen  0.10/turn              (no ring)

@: lethally poisoned (-5 -> -6)
A: antennae 1, thin metallic scales 1, condensation shield, demonic magic 2
a: Renounce Religion


You were on level 5 of the Dungeon.
You worshipped Hepliaklqana.
Hepliaklqana was noncommittal.
You visited 2 branches of the dungeon, and saw 6 of its levels.

You collected 173 gold pieces.

Inventory:

Hand Weapons
 a - a +0 long sword
 d - a +0 whip
 i - a +0 long sword
 j - a +0 club
 o - a +0 falchion
 q - a +0 dagger of protection
 r - a +0 short sword
 u - a +0 dagger
 v - a +1 scythe (weapon)
 x - a +0 trident
 z - a +0 spear
 C - a +0 club
 F - a +0 club
 H - a +0 giant club
 I - a +0 club
 J - a +0 dagger
 K - a +0 hand axe
 L - a +0 war axe
 P - a +0 whip
 S - a +0 giant spiked club
 T - a +0 trident of freezing
 V - a +0 club
 W - a +0 flail
 Y - a +0 hand axe
Missiles
 p - 52 bolts
Armour
 b - a +0 scale mail
 c - a +0 kite shield
 e - a +0 scale mail
 g - a +0 ring mail
 l - a +0 leather armour
 n - a +0 helmet
 s - a +0 scale mail
 w - a +0 robe
 y - a +0 kite shield
 E - a +3 ring mail of positive energy (worn)
 G - a +0 scale mail
 M - a +0 leather armour
 N - a +0 leather armour
 O - a +0 leather armour
 U - a +0 robe
 X - a +0 leather armour
Magical Staves
 t - a staff of cold
Jewellery
 k - an amulet of regeneration (around neck)
Wands
 B - a wand of paralysis (6)
Scrolls
 f - 2 scrolls of blinking
 h - 3 scrolls of identify
 m - 2 scrolls of magic mapping
 D - a scroll of torment
Potions
 R - a potion of resistance


   Skills:
 + Level 4.5 Fighting
 + Level 3.2 Long Blades
 + Level 4.4 Polearms
 + Level 4.2 Armour
 + Level 2.2 Dodging
 + Level 0.1 Stealth
 + Level 4.1 Shields


You had 6 spell levels left.
You didn't know any spells.
Your spell library contained the following spells:

 Spells                   Type           Power      Damage    Failure   Level
 Blink                    Tloc           N/A        N/A       67%         2
 Inner Flame              Hex/Fire       0%         N/A       88%         3
 Cause Fear               Hex            0%         N/A       99%         4
 Freezing Cloud           Conj/Ice/Air   0%         6-21      100%        5
 Manifold Assault         Tloc           0%         N/A       100%        5
 Simulacrum               Ice/Necr       0%         N/A       100%        6
 Storm Form               Tmut/Air       0%         N/A       100%        7
 Discord                  Hex            0%         N/A       100%        8
 Polar Vortex             Ice            0%         N/A       100%        9


Dungeon Overview and Level Annotations

Branches:
Dungeon (5/15)             Temple (1/1) D:4

Altars:
Ashenzari
Cheibriados
Dithmenos
Fedhas
Gozag
Hepliaklqana
Makhleb
Nemelex Xobeh
Okawaru
Sif Muna
Trog
Uskayaw
Vehumet
Wu Jian
Zin
The Shining One

Shops:
D:4 =


Innate Abilities, Weirdness & Mutations

You have a pair of small antennae on your head.
You are partially covered in thin metallic scales. (AC +2)
A meltable shield of frost defends you. (SH +4)
Spells you cast may paralyse nearby enemies.


Message History

You see here a howler monkey corpse.
The water moccasin barely misses you.
You hit the bullfrog skeleton.
The bullfrog skeleton is lightly damaged.
The water moccasin bites you but does no damage.
The bullfrog skeleton hits you.
* * * LOW HITPOINT WARNING * * *
The water moccasin closely misses you.
You slash the orc!
You kill the orc!
The water moccasin closely misses you.
The water moccasin bites you but does no damage.
You block the bullfrog skeleton's attack.
The water moccasin bites you but does no damage.
The bullfrog skeleton hits you but does no damage.
You slash the bullfrog skeleton!
The bullfrog skeleton is severely damaged.
The water moccasin bites you.
The bullfrog skeleton hits you but does no damage.
The water moccasin bites you.
* * * LOW HITPOINT WARNING * * *
You are poisoned.
The water moccasin poisons you!
The bullfrog skeleton hits you but does no damage.
The water moccasin bites you but does no damage.
You slash the bullfrog skeleton!
You destroy the bullfrog skeleton!
You feel extremely sick. The water moccasin bites you.
* * * LOW HITPOINT WARNING * * *
The water moccasin misses you.
You feel very sick. The water moccasin barely misses you.
Things that are here:
a +0 hand axe; a howler monkey corpse Unknown command.
You feel sick. The water moccasin bites you.
* * * LOW HITPOINT WARNING * * *
The water moccasin bites you!
You die...

...
##############...
#..............#
#..............##
#=..............#
#...............#
#...............#
#......)@(......#
#......S........#
#....)..........#
#...............#
#................
################.


You could see a water moccasin.

Vanquished Creatures
  Sigmund (D:2)
  Menkaure (D:4)
  A water moccasin (D:4)
  2 ogres (D:4)
  Blork the orc (D:4)
  A howler monkey (D:5)
  2 orc priests
  A bullfrog skeleton (D:5)
  An iguana (D:5)
  A hound skeleton (D:4)
  4 adders
  2 adder skeletons (D:4)
  2 worms (D:2)
  5 dart slugs
  11 orcs
  7 ball pythons
  4 endoplasms
  A giant cockroach (D:3)
  4 hobgoblins
  12 jackals
  11 kobolds
  3 quokkas
  4 bats
  2 frilled lizards
  8 goblins
  A quokka skeleton (D:4)
  8 rats
101 creatures vanquished.

Vanquished Creatures (others)
  5 plants (D:1)
  3 withered plants (D:1)
8 creatures vanquished.

Grand Total: 109 creatures vanquished

Notes
Turn   | Place    | Note
-------+----------+-------------------------------------------
     0 | D:1      | SensoryNuts the Demonspawn Fighter began the quest for the
                  | Orb.
     0 | D:1      | Reached XP level 1. HP: 18/18 MP: 1/1
   134 | D:1      | Gained mutation: A meltable shield of frost defends you.
                  | (SH +4) [demonic ancestry]
   134 | D:1      | Reached XP level 2. HP: 19/24 MP: 2/2
   971 | D:1      | Found a faded altar of an unknown god.
   973 | D:1      | Gained mutation: Spells you cast may paralyse adjacent
                  | enemies. [demonic ancestry]
   973 | D:1      | Reached XP level 3. HP: 29/29 MP: 3/3
   984 | D:1      | Became a worshipper of the Wu Jian Council
   984 | D:1      | Reached * piety under Wu Jian
  1718 | D:2      | Noticed Sigmund
  1738 | D:2      | Killed Sigmund
  1739 | D:2      | Reached skill level 1 in Dodging
  1739 | D:2      | Gained mutation: You are partially covered in thin metallic
                  | scales. (AC +2) [demonic ancestry]
  1739 | D:2      | Reached XP level 4. HP: 27/37 MP: 4/4
  1739 | D:2      | Gained mutation: You have a pair of small antennae on your
                  | head. [demonic ancestry]
  1739 | D:2      | Reached XP level 5. HP: 30/42 MP: 5/5
  2348 | D:3      | Reached ** piety under Wu Jian
  2477 | D:3      | Gained mutation: Spells you cast may paralyse nearby
                  | enemies. [demonic ancestry]
  2477 | D:3      | Reached XP level 6. HP: 48/48 MP: 6/6
  2799 | D:4      | Reached skill level 1 in Polearms
  3041 | D:4      | Noticed a water moccasin
  3060 | D:4      | Killed a water moccasin
  3061 | D:4      | Reached XP level 7. HP: 41/54 MP: 7/7
  3177 | D:4      | Noticed Blork the orc
  3183 | D:4      | Killed Blork the orc
  3194 | D:4      | Found a staircase to the Ecumenical Temple.
  3210 | Temple   | Entered the Ecumenical Temple
  3291 | Temple   | Fell from the grace of Wu Jian
  3291 | Temple   | Became a worshipper of Hepliaklqana the Forgotten
  3368 | D:4      | Found Tanig's Jewellery Shop.
  3407 | D:4      | Noticed Menkaure
  3415 | D:4      | Killed Menkaure
  3540 | D:5      | Entered Level 5 of the Dungeon
  3587 | D:5      | HP: 2/55 [water moccasin (3)]
  3587 | D:5      | Slain by a water moccasin

Illustrated notes

Levels and vault maps discovered:
D:1:      psy_arrival_dodecagon, layout_rooms,
          shapermc_ecumenical_altar_flowoftime
D:2:      layout_basic, kennysheep_generic_room_10, uniq_sigmund
D:3:      layout_rooms
D:4:      layout_gridville, minmay_temple_entry_junction_2, serial_shops,
          nicolae_stop_n_shop_2, uniq_menkaure, uniq_blork_the_orc
D:5:      layout_basic
Temple:   lightli_temple_of_artemis

Skill      XL: |  1  2  3  4  5  6  7 |
---------------+----------------------+-----
Long Blades    | 2 3 |  3.2
Shields        | 3 4 |  4.1
Armour         | 3 4 |  4.2
Dodging        | 1 2 |  2.2
Polearms       | 2 4 |  4.4
Fighting       | 4 |  4.5
Stealth        | |  0.1

Action                   |  1- 3 |  4- 6 |  7- 9 || total
-------------------------+-------+-------+-------++-------
Melee: Long sword        |   195 |       |       ||   195
       Scythe            |       |   175 |    65 ||   240
Invok: Whirlwind         |     4 |    27 |     2 ||    33
       Lunge             |     2 |     4 |     1 ||     7
  Use: Potion            |     1 |     5 |     1 ||     7
       Scroll            |       |     6 |     2 ||     8
Armor: Scale mail        |    87 |   114 |       ||   201
       Ring mail         |       |   108 |    71 ||   179
Dodge: Dodged            |    42 |   202 |    91 ||   335
Block: Kite shield       |   138 |       |       ||   138
       Other             |       |    67 |    22 ||    89
       Rpst.: Long sword |    12 |       |       ||    12
